 Dungeon Crawl Stone Soup version 0.19.0-22-gd96e5fe (webtiles) character file.

162 esc the Vandal (level 5, 0/36 HPs)
             Began as a Halfling Hunter on Nov 18, 2016.
             Killed from afar by Natasha (3 damage)
             ... with a magic dart
             ... on level 3 of the Dungeon.
             The game lasted 00:06:50 (1916 turns).

esc the Vandal (Halfling Hunter)                    Turns: 1916, Time: 00:06:50

Health: 0/36       AC:  3    Str: 12 (13) XL:     5   Next: 71%
Magic:  5/5        EV: 15    Int:  6 (9)  God:
Gold:   167        SH:  0    Dex: 14 (16) Spells: 0 memorised, 4 levels left

rFire  . . .     SeeInvis .     a - +1 hunting sling
rCold  . . .     Gourm    .     c - +0 leather armour
rNeg   . . .     Faith    .     (shield restricted)
rPois  .         Spirit   .     (no helmet)
rElec  .         Reflect  .     (no cloak)
rCorr  .         Harm     .     (no gloves)
MR     .....                    (no boots)
Stlth  +.........               (no amulet)
                                (no ring)
                                (no ring)

@: slowed, very slow
A: mutation resistance 1
a: no special abilities


You were on level 3 of the Dungeon.
You were not hungry.

You visited 1 branch of the dungeon, and saw 3 of its levels.

You collected 167 gold pieces.

Inventory:

Hand Weapons
 a - a +1 hunting sling (weapon)
 b - a +0 short sword
Missiles
 d - 20 sling bullets
 g - 72 stones (quivered)
 h - 25 poisoned needles
Armour
 c - a +0 leather armour (worn)
Jewellery
 n - an uncursed ring of fire {rF+, rC-}
   (You found it on level 2 of the Dungeon)
Wands
 m - a wand of digging (9/24)
   (You found it on level 3 of the Dungeon)
Scrolls
 e - a scroll of identify {unknown}
 i - a scroll of teleportation {unknown}
 j - a scroll of fear {unknown}
 k - a scroll of remove curse {unknown}
 o - a scroll of blinking {unknown}
 p - a scroll of noise {unknown}
 q - a scroll of amnesia {unknown}
Potions
 s - 2 potions of curing {unknown}
Comestibles
 f - 5 bread rations {@e1}
 r - 5 chunks of flesh {@w0}


   Skills:
 + Level 2.9 Fighting
 + Level 2.6 Short Blades
 + Level 6.7 Slings
 + Level 3.7 Dodging
 - Level 1.1 Stealth


You had 4 spell levels left.
You didn't know any spells.

Dungeon Overview and Level Annotations

Branches:
Dungeon (3/15)

Altars:
Ashenzari
Qazlal

Annotations:
D:3 Natasha


Innate Abilities, Weirdness & Mutations

You are small and have problems with some larger weapons.
You are somewhat resistant to further mutation.


Message History

You shoot a stone. The stone hits Jessica.
Jessica gestures wildly while chanting.
Jessica blinks!
Aim: Jessica, wielding a club and wearing a robe (moderately wounded)
You shoot a stone.
The stone hits Jessica but does no damage.
Aim: Jessica, wielding a club and wearing a robe (moderately wounded)
You shoot a stone. The stone hits Jessica.
Aim: Jessica, wielding a club and wearing a robe (moderately wounded)
You shoot a stone. The stone hits Jessica.
Aim: Jessica, wielding a club and wearing a robe (heavily wounded)
You shoot a stone. The stone closely misses Jessica.
Jessica closely misses you.
Aim: Jessica, wielding a club and wearing a robe (heavily wounded)
You shoot a stone. The stone hits Jessica.
Jessica closely misses you.
Aim: Jessica, wielding a club and wearing a robe (severely wounded)
You shoot a stone. The stone hits Jessica.
You kill Jessica!
g - 77 stones (gained 3)
Things that are here:
a club; a robe; the human corpse of Jessica You butcher the human corpse of Jessica.
r - 5 chunks of flesh {@w0} (gained 2)
Things that are here:
a club; a robe A kobold comes into view.
It is wielding a club.
The kobold moves out of view.
g - 79 stones (gained 2)
g - 80 stones (gained 1)
A goblin comes into view. It is wielding a club.
Aim: a goblin, wielding a club (resting)
You shoot a stone.
The stone hits the goblin but does no damage.
The goblin shouts!
Aim: a goblin, wielding a club You shoot a stone.
The stone hits the goblin!
You kill the goblin!
No target in view!
No target in view!
No target in view!
Found a stormy altar of Qazlal.
s - 2 glowing brown potions
g - 79 stones (gained 1)
You see here a club.
There isn't anything to butcher here.
g - 80 stones (gained 1) Natasha, Servant of Life and Death comes into view.
Natasha hisses angrily.
Natasha casts a spell at you.
You feel yourself slow down.
Unknown command.
Aim: Natasha You shoot a stone.
The stone barely misses Natasha.
Aim: Natasha You shoot a stone.
The stone hits Natasha.
Natasha casts a spell.
Aim: Natasha (heavily wounded)
You shoot a stone. The stone barely misses Natasha.
Natasha stares at you and mumbles some strange words.
The magic dart hits you!
You take 10 damage, and have 26/36 hp.
MASSIVE DAMAGE!!
Aim: Natasha (heavily wounded)
You shoot a stone. The stone hits Natasha.
Aim: Natasha (severely wounded)
You shoot a stone.
The stone hits Natasha but does no damage.
Aim: Natasha (severely wounded)
You shoot a stone. The stone barely misses Natasha.
Natasha claws you.
You take 3 damage, and have 23/36 hp.
Aim: Natasha (severely wounded)
You shoot a stone. The stone misses Natasha.
Natasha stares at you and mumbles some strange words.
You feel as though you will be slow longer.
The white imp misses you. Natasha claws you!
You take 7 damage, and have 16/36 hp.
Aim: Natasha (severely wounded)
You shoot a stone. The stone hits Natasha.
The white imp gestures at you. The puff of frost hits you!
* * * LOW HITPOINT WARNING * * *
Natasha closely misses you. The white imp hits you.
* * * LOW HITPOINT WARNING * * *
The white imp freezes you.
* * * LOW HITPOINT WARNING * * *
You take 10 damage, and have 6/36 hp.
MASSIVE DAMAGE!!
It was a potion of degeneration.
There was something very wrong with that liquid.
You feel weakened.
You feel dopey.
You feel clumsy. Natasha casts a spell at you. You resist with some effort.
The white imp gestures at you. The puff of frost hits you!
* * * LOW HITPOINT WARNING * * *
Natasha stares at you and mumbles some strange words.
The magic dart hits you!
You die...

#.# #.# ##.##
#...####...
##..........
##....######.
####.....#### .
..........5.###..
.##...).@h!.....
#....###.(..._
#.........((..
###)########.. #.
E#.( #. #.. .. ##
##


You could see Natasha and a white imp.

Vanquished Creatures
  Jessica (D:3)
  Natasha (twice) (D:3)
  4 adders
  A worm (D:2)
  3 dart slugs
  A leopard gecko (D:1)
  2 ball pythons
  4 bats
  2 giant cockroaches (D:2)
  5 goblins
  6 hobgoblins
  4 kobolds
  A frilled lizard (D:1)
  12 rats
48 creatures vanquished.

Notes
Turn   | Place    | Note
-------+----------+-------------------------------------------
     0 | D:1      | esc the Halfling Hunter began the quest for the Orb.
     0 | D:1      | Reached XP level 1. HP: 14/14 MP: 1/1
    62 | D:1      | Reached skill level 2 in Fighting
   115 | D:1      | Reached XP level 2. HP: 14/19 MP: 2/2
   260 | D:1      | Reached skill level 6 in Slings
   387 | D:1      | Reached XP level 3. HP: 24/24 MP: 3/3
   633 | D:2      | Reached skill level 1 in Short Blades
  1183 | D:2      | Reached skill level 3 in Dodging
  1251 | D:2      | Reached XP level 4. HP: 30/30 MP: 4/4
  1589 | D:3      | Noticed Natasha
  1600 | D:3      | Killed Natasha
  1600 | D:3      | Reached skill level 2 in Short Blades
  1600 | D:3      | Reached XP level 5. HP: 35/35 MP: 5/5
  1610 | D:3      | Noticed Natasha
  1626 | D:3      | Killed Natasha
  1765 | D:3      | Found a shattered altar of Ashenzari.
  1869 | D:3      | Noticed Jessica
  1876 | D:3      | Killed Jessica
  1897 | D:3      | Noticed an air elemental
  1899 | D:3      | Found a stormy altar of Qazlal.
  1907 | D:3      | Noticed Natasha
  1915 | D:3      | HP: 9/36 [white imp/puff of frost[Natasha] (7)]
  1916 | D:3      | HP: 3/36 [white imp/puff of frost[Natasha] (4)]
  1916 | D:3      | Killed from afar by Natasha

Skill      XL: |  1  2  3  4 |
---------------+-------------+-----
Fighting       | 2 |  2.9
Slings         | 6 |  6.7
Short Blades   | 1 2 |  2.6
Dodging        | 3 |  3.7
Stealth        | |  1.1

Action                   |  1- 3 |  4- 6 || total
-------------------------+-------+-------++-------
 Fire: Hunting sling     |   104 |    83 ||   187
  Use: Potion            |       |     1 ||     1
  Eat: Chunk             |       |     3 ||     3
Armor: Leather armour    |     4 |     3 ||     7
Dodge: Dodged            |    11 |    27 ||    38

Vault maps used:
D:1:      dpeg_arrival_lava_temple_mockup, dk_noncrumbling_2
D:2:      first_bread
D:3:      cheibrodos_ashenzari_chains, nicolae_qazlal_style_of_elements,
          uniq_natasha, uniq_grinder, uniq_crazy_yiuf_cottage, uniq_jessica,
          uniq_sigmund

Table legend:
 A = Turns spent in this place as a percentage of turns spent in the entire game.
 B = Non-inter-level travel turns spent in this place as a percentage of non-inter-level travel turns spent in the entire game.
 C = Inter-level travel turns spent in this place as a percentage of turns spent in this place.
 D = Turns resting spent in this place as a percentage of non-inter-level travel turns spent in this place.
 E = Turns spent auto-exploring this place as a percentage of non-inter-level travel turns spent in this place.
 F = Non-inter-level travel turns spent in this place divided by the number of levels of this place that you've seen.
                   A       B       C       D       E      F
               +-------+-------+-------+-------+-------+----------------------
         Total | 100.0 | 100.0 |   0.4 |   0.9 |  13.2 | 156.3
       Dungeon | 100.0 | 100.0 |   0.4 |   0.9 |  13.2 | 156.3
               +-------+-------+-------+-------+-------+----------------------

Table legend:
 A = Kills in this place as a percentage of kills in entire the game.
 B = Kills by you in this place as a percentage of kills by you in the entire game.
 C = Kills by friends in this place as a percentage of kills by friends in the entire game.
 D = Other kills in this place as a percentage of other kills in the entire game.
 E = Experience gained in this place as a percentage of experience gained in the entire game.
 F = Experience gained in this place divided by the number of levels of this place that you have seen.
                   A       B       C       D       E      F
               +-------+-------+-------+-------+-------+----------------------
         Total | 100.0 | 100.0 |  -nan |  -nan | 100.0 |  77.3
       Dungeon | 100.0 | 100.0 |  -nan |  -nan | 100.0 |  77.3
               +-------+-------+-------+-------+-------+----------------------
